 Seeded DCSS version 0.31-a0-435-g2c6fae2916 (webtiles) character file.

Game seed: 3066185116294757272 (custom seed)

9 Gelion the Changeling (level 2, -1/18 HPs)
             Began as an Octopode Shapeshifter on Aug 2, 2023.
             Slain by a hobgoblin (2 damage)
             ... on level 1 of the Dungeon.
             The game lasted 00:00:51 (94 turns).

Gelion the Changeling (Octopode Shapeshifter)         Turns: 94, Time: 00:00:52

Health: -1/18      AC:  1    Str: 14    XL:     2   Next: 16%
Magic:  2/2        EV: 13    Int: 10    God:
Gold:   19         SH:  0    Dex: 12    Spells: 1/1 levels left

rFire   . .          .
                       - Unarmed
rCold   . . .        (no shield)
rNeg    . . .        (helmet currently unavailable)
rPois   .            (no amulet)
rElec   .            (no ring)
rCorr   .            (no ring)
SInv    .            (no ring)
Will    .....        (no ring)
Stlth   ++           (no ring)
HPRegen 0.23/turn    (no ring)
MPRegen 0.08/turn    (no ring)
                     (no ring)

%: no passive effects
@: beast-form
A: beast (slay +2), almost no armour, amphibious, 8 rings, camouflage 1,
gelatinous body 1, (nimble swimmer 1), tentacles
a: Begin Untransformation


You were on level 1 of the Dungeon.
You were a hulking beast.
You visited 1 branch of the dungeon, and saw 1 of its levels.

You collected 19 gold pieces.

Inventory:

Talismans
 b - a beast talisman (active)
Scrolls
 c - a scroll of identify {unknown}
Potions
 a - a potion of lignification


   Skills:
 + Level 1.3 Fighting
 - Level 2.0 Dodging
 + Level 3.1 Unarmed Combat
 * Level 3.2 Shapeshifting


You had one spell level left.
You didn't know any spells.
Your spell library was empty.

Dungeon Overview and Level Annotations

Branches:
Dungeon (1/15)

Altars:


Innate Abilities, Weirdness & Mutations

You are a hulking beast.
Your limbs bulge with bestial killing power. (Slay +2)
You cannot wear most types of armour.
You are amphibious.
You can wear up to eight rings at the same time.
Your skin changes colour to match your surroundings (Stealth+).
Your rubbery body absorbs attacks. (AC +1, EV +1)
((You are camouflaged when in or above water. (Stealth+)))
You have tentacles for arms and can constrict up to eight enemies at once.


Message History

a +0 dagger; a +0 dagger The ball python misses you. x2
You tentacle-slap the ball python.
You kill the ball python!
A bat comes into view.
The bat moves out of view.
A bat is nearby!
You see here a ball python corpse.
The bat closely misses you.
You barely miss the bat. Your grab misses the bat. The bat misses you.
The bat hits you.
A bat is nearby!
You are too injured to fight recklessly!
You are too injured to fight recklessly!
You are too injured to fight recklessly!
You are too injured to fight recklessly!
You bludgeon the bat!
You kill the bat!
An endoplasm comes into view.
A hobgoblin comes into view.
You see here a ball python corpse.
The endoplasm closely misses you. The hobgoblin closely misses you.
The endoplasm freezes you.
You are frozen.
The hobgoblin closely misses you. The endoplasm freezes you.
You are frozen.
The hobgoblin hits you.
* * * LOW HITPOINT WARNING * * *
The endoplasm hits you.
* * * LOW HITPOINT WARNING * * *
The hobgoblin hits you but does no damage.
The endoplasm closely misses you. The hobgoblin misses you.
The endoplasm freezes you.
You are frozen.
* * * LOW HITPOINT WARNING * * *
The hobgoblin closely misses you. The endoplasm freezes you.
You are frozen.
* * * LOW HITPOINT WARNING * * *
The hobgoblin hits you.
You die...

...# ##..##
...# ..#...#..
...# .........
...# ........#
...
...)...###.#
#....#.##..#
#...#h.#
#..gJ######
##..........
####.#######..
#..$.# #..##)#
#. #.####
#####...>####
####
##...........#


You could see an endoplasm and a hobgoblin.

Vanquished Creatures
  A bat (D:1)
  An endoplasm (D:1)
  A giant cockroach (D:1)
  2 goblins (D:1)
  A hobgoblin (D:1)
  2 ball pythons (D:1)
8 creatures vanquished.

Notes
Turn   | Place    | Note
-------+----------+-------------------------------------------
     0 | D:1      | Gelion the Octopode Shapeshifter began the quest for the
                  | Orb.
     0 | D:1      | Reached XP level 1. HP: 13/13 MP: 1/1
    66 | D:1      | Reached XP level 2. HP: 7/18 MP: 2/2
    94 | D:1      | Slain by a hobgoblin

Illustrated notes

Levels and vault maps discovered:
D:1:      scummos_arrival_simple_crosswalls, layout_rooms,
          hangedman_decor_growths, hangedman_glass_teeth

Action                     || total
---------------------------++-------
  Melee: Unarmed           ||    17
         Constrict         ||     3
         Tentacles         ||     3
         Punch             ||     1
 Armour: Skin              ||     2
  Dodge: Dodged            ||    17

Table legend: (Time is in decaauts)
 A = Elapsed time spent in this place.
 B = Non-inter-level travel time spent in this place.
 C = Inter-level travel time spent in this place.
 D = Time resting spent in this place.
 E = Time spent auto-exploring this place.
 F = Levels seen in this place.
 G = Mean time per level.
                   A        B        C        D        E       F      G
               +--------+--------+--------+--------+--------+-----+--------+
         Total |     93 |     93 |      0 |      0 |     40 |   1 |   93.0 |
       Dungeon |     93 |     93 |      0 |      0 |     40 |   1 |   93.0 |
               +--------+--------+--------+--------+--------+-----+--------+

Top non-repeatable levels by time:
     D:1: 93 daAuts
